 Dungeon Crawl Stone Soup version 0.29.1-15-g9cfb28693d (webtiles) character file.

Game seed: 6134569698148494698

293214 safid the Cryomancer (level 20, -2/164 HPs)
             Began as a Merfolk Ice Elementalist on Mar 9, 2023.
             Was the Champion of Vehumet.
             Killed from afar by a fire giant (26 damage)
             ... with a bolt of fire
             ... on level 3 of the Depths on Mar 10, 2023.
             The game lasted 03:33:46 (48337 turns).

safid the Cryomancer (Merfolk Ice Elementalist)    Turns: 48337, Time: 03:33:46

Health: -2/164     AC: 22    Str: 12    XL:     20   Next: 82%
Magic:  6/38       EV: 11    Int: 20    God:    Vehumet [******]
Gold:   1892       SH: 17    Dex: 12    Spells: 4/47 levels left

rFire   + . .      SeeInvis .   R - +7 mace of Yeast {vamp, rElec rPois rC+ Str+4}
rCold   + + .      Faith    .   e - +5 kite shield {reflect}
rNeg    + + +      Spirit   .   l - +2 robe {Archmagi}
rPois   +          Reflect  +   I - +2 helmet "Kekimy" {rC- Int+4 Slay+5}
rElec   +          Harm     .   u - +0 cloak of the Eternal Fruit {+Blink rN+++ Regen+ Dex-3}
rCorr   .          Rampage  .   N - +3 Mad Mage's Maulers {Infuse+∞ RegenMP Int-3}
Will    ++...      Archmagi +   h - +3 pair of mountain boots {steadfast, rC+}
Stlth   ++........              K - amulet "Ryaguana" {RegenMP rF+}
HPRegen 1.17/turn               n - ring of willpower
MPRegen 1.06/turn               v - +4 ring of protection

@: no status effects
A: (nimble swimmer 2), mertail, iridescent scales 1, cold resistance 1, dopey 1,
mutation resistance 1, weak 1, MP-powered wands
}: 2/15 runes: decaying, serpentine
a: Renounce Religion, Evoke Blink


You were on level 3 of the Depths.
You worshipped Vehumet.
Vehumet was exalted by your worship.
You visited 6 branches of the dungeon, and saw 33 of its levels.
You visited 1 bazaar.
You also visited: Trove, Sewer and Gauntlet.

You collected 6482 gold pieces.
You spent 4590 gold pieces at shops.

Inventory:

Hand Weapons
 R - the +7 mace of Yeast (weapon) {vamp, rElec rPois rC+ Str+4}
   (You took it off a minotaur in a Gauntlet)

   It occasionally heals its wielder for a portion of the damage dealt when it
   wounds a living foe.
   Str:       It affects your strength (+4).
   rC:        It protects you from cold.
   rElec:     It insulates you from electricity.
   rPois:     It protects you from poison.
Missiles
 D - 4 curare-tipped darts
 J - 3 throwing nets
Armour
 e - a +5 kite shield of reflection (worn)
 h - the +3 pair of mountain boots (worn) {steadfast, rC+}
   (You bought it in a shop on level 11 of the Dungeon)

   It prevents involuntary movement, except for blinking, teleportation, or
   banishment.
   rC:        It protects you from cold.
 l - a +2 robe of the Archmagi (worn)
 u - the +0 cloak of the Eternal Fruit (worn) {+Blink rN+++ Regen+ Dex-3}
   (You acquired it on level 2 of the Lair of Beasts)

   Dex:       It affects your dexterity (-3).
   rN:        It renders you almost immune to negative energy.
   +Blink:    It lets you blink.
   Regen:     It increases your rate of health regeneration.
 I - the +2 helmet "Kekimy" (worn) {rC- Int+4 Slay+5}
   (You found it in a Gauntlet)

   Int:       It affects your intelligence (+4).
   Slay:      It affects your accuracy & damage with ranged weapons and melee
   (+5).
   rC:        It makes you vulnerable to cold.
 N - the +3 Mad Mage's Maulers (worn) {Infuse+∞ RegenMP Int-3}
   (You found it in a treasure trove)

   It empowers its wearer's blows with all of their magic.
   It causes its wearer's magical reserves to regenerate more quickly.
   Int:       It affects your intelligence (-3).
Jewellery
 m - a ring of flight
 n - a ring of willpower (left hand)
 p - a ring of resist corrosion
 v - a +4 ring of protection (right hand)
 B - the amulet "Zexiotru" {Rampage rElec Regen+}
   (You took it off a spriggan rider on level 4 of the Swamp)

   [amulet of regeneration]

   rElec:     It insulates you from electricity.
   Regen:     It increases your rate of health regeneration.
   Rampage:   It bestows one free step when moving towards enemies.
 G - a ring of ice
 K - the amulet "Ryaguana" (around neck) {RegenMP rF+}
   (You bought it in a shop on level 1 of the Orcish Mines)

   [amulet of magic regeneration]

   It increases your rate of magic regeneration.
   rF:        It protects you from fire.
 M - the amulet of Mistrust {Reflect rPois rN+ Regen+ Str-3 SH+5}
   (You found it in a treasure trove)

   [amulet of reflection]

   It reflects blocked missile attacks.
   Str:       It affects your strength (-3).
   rPois:     It protects you from poison.
   rN:        It protects you from negative energy.
   Regen:     It increases your rate of health regeneration.
   SH:        It affects your SH (+5).
 Q - the dreamshard necklace {*Dream Drain}
   (You found it in a Gauntlet)

   [amulet of nothing]

   It shatters if its wearer takes lethal or near-lethal damage, preventing the
   blow and releasing protective dreams that heal and fight for the wearer.
   Drain:     It drains your maximum health when unequipped.
Wands
 d - a wand of paralysis (19)
 i - a wand of flame (51)
 y - a wand of mindburst (9)
 E - a wand of quicksilver (19)
 H - a wand of polymorph (38)
 L - a wand of roots (16)
 P - a wand of digging (16)
Scrolls
 a - 19 scrolls of teleportation
 f - 2 scrolls of blinking
 r - 4 scrolls of fog
 w - 12 scrolls of fear
 x - a scroll of amnesia
 U - 2 scrolls of magic mapping
 V - 2 scrolls of summoning
 W - a scroll of silence
Potions
 b - 2 potions of magic
 c - a potion of cancellation
 g - a potion of berserk rage
 j - 13 potions of curing
 o - 6 potions of mutation
 q - 7 potions of brilliance
 t - 5 potions of lignification
 z - 3 potions of resistance
 A - 9 potions of haste
 F - 4 potions of heal wounds
 O - 2 potions of invisibility
 Y - a potion of ambrosia
Miscellaneous
 k - a phial of floods
 S - a phantom mirror
 Z - a condenser vane


   Skills:
 - Level 16.0 Fighting
 - Level 3.0 Dodging
 - Level 2.1 Stealth
 - Level 14.0 Shields
 - Level 14.0 Spellcasting
 - Level 4.0 Conjurations
 - Level 18.0 Transmutations
 + Level 24.9 Ice Magic
 - Level 6.0 Evocations


You had 4 spell levels left.
You knew the following spells:

 Your Spells              Type           Power      Damage    Failure   Level
a - Ozocubu's Refrigerat  Ice            53%        4d19      1%          7
b - Frozen Ramparts       Ice            100%       1d16      0%          3
c - Ozocubu's Armour      Ice            100%       N/A       0%          3
d - Hailstorm             Conj/Ice       82%        3d17      1%          4
e - Irradiate             Conj/Tmut      36%        3d23      1%          5
f - Freezing Cloud        Conj/Ice/Air   34%        6-21      1%          5
g - Dragon Form           Tmut           45%        N/A       4%          7
h - Polar Vortex          Ice            53%        N/A       9%          9

Your spell library contained the following spells:

 Spells                   Type           Power      Damage    Failure   Level
 Ignition                 Fire           10%        3d5       100%        8
 Maxwell's Capacitive Co  Air            10%        ∞         100%        8
 Beastly Appendage        Tmut           100%       N/A       0%          1
 Freeze                   Ice            100%       1d11      0%          1
 Wereblood                Tmut           91%        N/A       0%          2
 Foxfire                  Conj/Fire      100%       2x1d9     1%          1
 Magic Dart               Conj           100%       1d8       1%          1
 Searing Ray              Conj           90%        2d7       1%          2
 Static Discharge         Conj/Air       33%        3-8/arc   1%          2
 Spider Form              Tmut/Pois      66%        N/A       1%          3
 Conjure Flame            Conj/Fire      33%        6-21      3%          3
 Dazzling Flash           Conj/Hex       66%        N/A       3%          3
 Mephitic Cloud           Conj/Pois/Air  28%        N/A       4%          3
 Inner Flame              Hex/Fire       21%        N/A       7%          3
 Apportation              Tloc           42%        N/A       9%          1
 Necrotise                Necr           84%        1d8       9%          1
 Summon Small Mammal      Summ           84%        N/A       9%          1
 Flame Wave               Conj/Fire      33%        2d10      11%         4
 Fulminant Prism          Conj/Hex       16%        3d11      11%         4
 Sticky Flame             Conj/Fire      33%        2d5       11%         4
 Call Imp                 Summ           21%        N/A       13%         2
 Sublimation of Blood     Necr           21%        N/A       13%         2
 Call Canine Familiar     Summ           21%        N/A       26%         3
 Gell's Gravitas          Tloc           21%        N/A       26%         3
 Portal Projectile        Hex/Tloc       42%        N/A       26%         3
 Summon Guardian Golem    Hex/Summ       21%        N/A       26%         3
 Teleport Other           Tloc           21%        N/A       26%         3
 Tukima's Dance           Hex            21%        N/A       26%         3
 Animate Dead             Necr           21%        N/A       63%         4
 Cause Fear               Hex            10%        N/A       63%         4
 Dispel Undead            Necr           21%        3d11      63%         4
 Blade Hands              Tmut           45%        N/A       1%          5
 Eringya's Noxious Bog    Tmut/Pois      33%        N/A       9%          6
 Agony                    Necr           21%        N/A       93%         5
 Silence                  Hex/Air        10%        N/A       93%         5
 Summon Forest            Summ/Tloc      10%        N/A       93%         5
 Dispersal                Tloc           10%        N/A       100%        6
 Haunt                    Necr/Summ      10%        N/A       100%        7
 Summon Hydra             Summ           10%        N/A       100%        7
 Infestation              Necr           10%        N/A       100%        8
 Dragon's Call            Summ           10%        N/A       100%        9


Dungeon Overview and Level Annotations

Branches:
Dungeon (15/15) Temple (0/1) D:7 Lair (5/5) D:10 Swamp (4/4) Lair:3 Snake (4/4) Lair:2 Slime (0/5) Lair:5 Orc (2/2) D:9 Elf (0/3) Orc:2 Vaults (0/5) D:14 D:15 Depths (3/4) D:15 Sewer (visited) Gauntlet (visited)

Altars:
Dithmenos
Hepliaklqana
Kikubaaqudgha
Nemelex Xobeh
Okawaru
Ru
Trog
Uskayaw
Vehumet
Wu Jian
Zin
Jiyva
Lugonu

Shops:
D:5 *   D:7 !:   D:11 ![?[   Orc:1 *   Orc:2 ([*=   Snake:2 *   Snake:3 (

Portals:
Hell: Depths:1 Depths:2
Abyss: Depths:1 Depths:2
Pandemonium: Depths:2

Annotations:
D:2 1 runed translucent door, Crazy Yiuf
Snake:2 Mlioglotl


Innate Abilities, Weirdness & Mutations

((You are very nimble when in or above water. (Stealth+, EV+, Speed+++)))
Your lower body shifts to a powerful aquatic tail in water.
You are partially covered in iridescent scales. (AC +2)
Your flesh is cold resistant. (rC+)
You are dopey. (Int -2)
You are somewhat resistant to further mutation.
You are weak. (Str -2)
You expend magic power (3 MP) to strengthen your wands.


Message History

The heat is drained from your surroundings.
The iron troll resists.
The iron troll is severely wounded.
The iron troll barely misses you. You block the iron troll's attack.
The iron troll claws you but does no damage.
The fire giant barely misses you.
Unknown command.
Casting: Ozocubu's Refrigeration (mildly dangerous; 1% risk of failure)
Confirm with . or Enter, or press ? or * to list all spells.
You don't have enough magic to cast this spell.
Unknown command.
You completely miss the fire giant.
The fire giant is almost dead.
The fire giant points at you and mumbles some strange words.
The bolt of fire hits you! You resist. The iron troll bites you!
The iron troll claws you but does no damage.
The iron troll barely misses you. You block the fire giant's attack.
You hear a shout!
Unknown command.
You sock the fire giant!
The fire giant is almost dead.
The iron troll bites you!!
The iron troll claws you but does no damage.
You block the iron troll's attack.
The fire giant points at you and mumbles some strange words.
The bolt of fire hits you!! You resist.
* * * LOW HITPOINT WARNING * * *
Okay, then.
Unknown command.
You blink.
A fire dragon comes into view.
There is an open door here.
The fire giant points at you and mumbles some strange words.
The fireball explodes!
The fireball engulfs you!! You resist.
* * * LOW HITPOINT WARNING * * *
You hear a deafening roar!
You hear a shout! x2
You feel stable enough to blink again.
The fire giant gestures at you while chanting.
The bolt of fire hits you!! You resist.
You die...

.. D ..#C. ####.....
########.....D...
#...>#...>.......
#T)..[........#. .
#.C..#........... ...
##..###'###..##..
....##..##.@###..#..
..................#
...............C....
..................#..
........##..###..#...
....##..##..# ### .
.... #..#..... ...
...#...... ..
######.....


You could see a fire giant.

Vanquished Creatures
  Saint Roka (Depths:1)
  the Lernaean hydra (Swamp:4)
  Bai Suzhen (Snake:3)
  A caustic shrike (Depths:2)
  Vashnia (Snake:2)
  A golden dragon (Depths:1)
  Nikola (Depths:1)
  2 tentacled monstrosities
  Rupert (D:14)
  3 liches
  Asterion (Depths:2)
  A shadow dragon (Depths:1)
  2 thorn hunters
  Kirke (D:14)
  3 sphinxes (Depths:1)
  Donald (Snake:3)
  3 nagarajas (Snake:4)
  A fenstrider witch (Swamp:3)
  5 fire giants
  A balrug (Depths:2)
  An iron dragon (Depths:2)
  5 frost giants
  Louise (D:14)
  3 orc warlords
  3 spriggan defenders
  Aizul (Snake:3)
  4 stone giants
  A very ugly thing (Depths:2)
  A vampire knight (Depths:2)
  6 eleionomae
  7 bunyips
  The ghost of Smersh616 the Covert, a journeyman GnDe of Hepliaklqana (Lair:4)
  A minotaur (Gauntlet)
  Azrael (D:14)
  6 fire dragons
  4 ettins
  Josephine (Orc:2)
  2 shambling mangroves
  3 jiangshi (Depths:1)
  A merfolk impaler (Depths:1)
  2 rakshasas (Depths:2)
  17 hydras
  3 boulder beetles
  A salamander tyrant (Snake:4)
  8 ice dragons
  6 catoblepae
  9 alligators
  2 ogre magi (D:15)
  3 spriggan air magi
  2 ghost crabs
  8 anacondas
  A death knight (D:15)
  2 centaur warriors
  A satyr (shapeshifter) (Depths:2)
  5 deep troll shamans
  10 tengu warriors
  12 two-headed ogres
  8 naga warriors
  2 vampire magi (Depths:1)
  A hell hog (Depths:2)
  17 death yaks
  6 deep troll earth magi
  4 orc high priests
  5 shock serpents
  9 spriggan berserkers
  15 naga sharpshooters
  6 spriggans
  2 soul eaters (Depths:2)
  3 sun demons (Depths:2)
  3 iron trolls
  11 hell knights
  A fire crab (Gauntlet)
  5 skeletal warriors
  6 salamander mystics
  5 goliath frogs
  A death drake (Swamp:4)
  8 deep trolls
  A flayed ghost (Depths:2)
  10 swamp dragons
  2 glowing orange brains
  A lindwurm (shapeshifter) (Depths:2)
  4 spriggan druids
  9 naga ritualists
  A wizard (Depths:3)
  4 bog bodies
  4 necromancers
  10 mana vipers
  3 deep elf pyromancers
  8 orc knights
  4 oklob plants
  5 manticores
  15 salamanders
  9 orc sorcerers
  3 will-o-the-wisps
  16 ugly things
  6 cyclopes
  43 black mambas
  13 elephants
  Maurice (D:9)
  11 naga magi
  2 guardian serpents (Snake:4)
  Joseph (D:8)
  A torpor snail (Lair:1)
  An ice statue (D:12)
  11 cane toads
  An orange demon (Depths:2)
  3 rime drakes
  5 smoke demons (Depths:2)
  Maggie (D:10)
  A hellion (Depths:2)
  3 komodo dragons
  3 yaktaurs (D:15)
  3 kobold demonologists (D:9)
  An ice devil (Depths:2)
  2 freezing wraiths (D:15)
  4 tengu conjurers
  9 trolls
  4 polar bears
  A red devil (Depths:2)
  3 meliai (D:13)
  11 tyrant leeches
  7 hornets
  3 bloated husks
  3 slime creatures (D:12)
  20 blink frogs
  Sigmund (D:6)
  3 wyverns
  4 shadows
  4 water elementals
  5 hogs (D:14)
  2 fire bats (Gauntlet)
  6 wraiths
  Eustachio (D:5)
  3 fire elementals (D:14)
  63 yaks
  7 basilisks
  A neqoxec (Depths:2)
  16 humans
  4 steam dragons
  13 vampire mosquitoes
  2 acid dragons
  16 swamp worms
  7 wargs
  32 nagas
  A naga (shapeshifter) (Depths:2)
  3 hell hounds (D:14)
  14 water moccasins
  10 swamp drakes
  3 ice beasts
  54 orc warriors
  7 black bears
  A sky beast (D:7)
  6 ogres
  18 centaurs
  10 wolves (Lair:1)
  4 kobold brigands
  2 phantoms (D:5)
  14 bullfrogs
  5 scorpions
  3 gnoll sergeants
  5 wights (D:7)
  10 killer bees
  9 electric eels
  9 howler monkeys
  27 orc priests
  10 hounds
  Jessica (D:2)
  6 iguanas
  Natasha (twice) (D:2)
  A merfolk siren (Sewer)
  46 orc wizards
  A merfolk avatar (Sewer)
  15 gnolls
  15 adders
  2 river rats (Sewer)
  2 white imps (D:7)
  3 ufetubi
  3 worms
  3 dart slugs
  A dart slug (shapeshifter) (Depths:1)
  105 orcs
  7 ball pythons
  2 bats
  10 endoplasms
  7 giant cockroaches
  9 goblins
  9 hobgoblins
  3 jackals (D:1)
  5 quokkas
  8 frilled lizards
  21 kobolds
  22 rats
  12 briar patches (Swamp:4)
  A bush (Lair:3)
  A butterfly (Lair:4)
1320 creatures vanquished.

Vanquished Creatures (others)
  A fire giant (Depths:1)
  An eleionoma (Swamp:3)
  A spriggan druid (Swamp:2)
  A mana viper (Snake:3)
  An orc wizard (Orc:2)
  A gnoll (D:7)
  An orc (Orc:2)
  A bush (Lair:1)
  A demonic plant (Gauntlet)
  2 foxfires (Swamp:3)
  40 fungi
  100 plants
  2 starspawn tentacles
153 creatures vanquished.

Grand Total: 1473 creatures vanquished

Notes
Turn   | Place    | Note
-------+----------+-------------------------------------------
     0 | D:1      | safid the Merfolk Ice Elementalist began the quest for the
                  | Orb.
     0 | D:1      | Reached XP level 1. HP: 13/13 MP: 3/3
   404 | D:1      | Reached XP level 2. HP: 20/20 MP: 5/5
   477 | D:1      | Reached skill level 1 in Fighting
  1232 | D:2      | Reached XP level 3. HP: 26/26 MP: 3/6
  1273 | D:2      | Learned a level 3 spell: Frozen Ramparts
  1875 | D:2      | Found a faded altar of an unknown god.
  2049 | D:2      | Reached skill level 5 in Ice Magic
  2049 | D:2      | Reached XP level 4. HP: 29/33 MP: 5/8
  2057 | D:2      | Learned a level 3 spell: Ozocubu's Armour
  2282 | D:2      | Noticed a scorpion
  2289 | D:2      | Killed a scorpion
  2290 | D:2      | Reached XP level 5. HP: 35/39 MP: 2/9
  2410 | D:2      | Noticed Natasha
  2415 | D:2      | Killed Natasha
  2683 | D:2      | Found a runed translucent door.
  2684 | D:2      | Noticed Crazy Yiuf
  2726 | D:2      | Noticed Natasha
  2733 | D:2      | Killed Natasha
  2816 | D:2      | Noticed Jessica
  2820 | D:2      | Killed Jessica
  3178 | D:3      | Reached XP level 6. HP: 47/47 MP: 11/11
  3326 | D:3      | Found an ornate altar of the Wu Jian Council.
  3874 | D:4      | Reached skill level 6 in Ice Magic
  4006 | D:4      | Found a glowing drain.
  4012 | Sewer    | Entered a sewer
  4179 | Sewer    | Reached XP level 7. HP: 36/54 MP: 6/13
  5149 | D:5      | Entered Level 5 of the Dungeon
  5273 | D:5      | Noticed Eustachio
  5308 | D:5      | Killed Eustachio
  5309 | D:5      | Reached skill level 5 in Fighting
  5309 | D:5      | Reached skill level 7 in Ice Magic
  5381 | D:5      | Found Paduadiu's Elemental Accessories.
  5408 | D:5      | Reached XP level 8. HP: 50/62 MP: 15/15
  5488 | D:5      | Reached skill level 5 in Spellcasting
  6417 | D:5      | Learned a level 4 spell: Hailstorm
  6423 | D:5      | Identified the +1 robe of Zumo {Harm rElec rF- SInv}
  6862 | D:6      | Found a radiant altar of Vehumet.
  6869 | D:6      | Became a worshipper of Vehumet
  6872 | D:6      | Noticed Sigmund
  6882 | D:6      | Reached skill level 8 in Ice Magic
  7454 | D:6      | Reached XP level 9. HP: 36/71 MP: 13/18
  7770 | D:6      | Killed Sigmund
  7802 | D:6      | Noticed a +0 short sword
  7802 | D:6      | Noticed a +0 falchion
  7802 | D:6      | Noticed a +0 spear
  7803 | D:6      | Noticed a +0 falchion
  7803 | D:6      | Noticed a +0 dagger
  7803 | D:6      | Noticed a +0 spear
  7803 | D:6      | Noticed a +0 dagger
  7805 | D:6      | Noticed a +0 short sword
  7809 | D:6      | Found a hide-covered altar of Uskayaw.
  8312 | D:7      | Found Sahobb's Distillery.
  8519 | D:7      | Bought a potion of haste for 130 gold pieces
  8519 | D:7      | Bought a potion of degeneration for 13 gold pieces
  8540 | D:7      | Reached skill level 9 in Ice Magic
  8842 | D:7      | Reached skill level 10 in Ice Magic
  8842 | D:7      | Reached XP level 10. HP: 54/80 MP: 6/21
  9045 | D:7      | Found a sparkling altar of Nemelex Xobeh.
  9066 | D:7      | Reached * piety under Vehumet
  9066 | D:7      | Offered knowledge of Sandblast by Vehumet.
  9456 | D:7      | Found a staircase to the Ecumenical Temple.
  9815 | D:7      | Found Fubof's Book Shoppe.
 10080 | D:7      | Reached skill level 11 in Ice Magic
 10682 | D:8      | Noticed Joseph
 10693 | D:8      | Killed Joseph
 10966 | D:8      | Identified the +0 leather armour "Bymun" {rElec}
 11220 | D:8      | Identified 2 scrolls of acquirement
 11232 | D:7      | Acquired 1007 gold pieces
 11234 | D:7      | Acquired the +0 buckler of the Secret Loafs {rElec}
 11440 | D:9      | Noticed Maurice
 11447 | D:9      | Killed Maurice
 11448 | D:9      | Reached skill level 1 in Shields
 11460 | D:9      | Offered knowledge of Static Discharge by Vehumet.
 11466 | D:9      | Reached ** piety under Vehumet
 11850 | D:9      | Reached XP level 11. HP: 89/89 MP: 18/23
 12063 | D:9      | Reached skill level 12 in Ice Magic
 12181 | D:9      | Noticed a two-headed ogre
 12196 | D:9      | Killed a two-headed ogre
 13154 | D:9      | Found a staircase to the Orcish Mines.
 13493 | D:9      | Reached skill level 10 in Fighting
 14717 | Orc:1    | Entered Level 1 of the Orcish Mines
 14717 | Orc:1    | Noticed an orc sorcerer
 14724 | Orc:1    | Noticed an orc sorcerer
 14726 | Orc:1    | Killed an orc sorcerer
 14729 | Orc:1    | Offered knowledge of Stone Arrow by Vehumet.
 14731 | Orc:1    | Killed an orc sorcerer
 15067 | D:7      | Bought a potion of curing for 39 gold pieces
 15067 | D:7      | Bought a potion of curing for 39 gold pieces
 15067 | D:7      | Bought a potion of curing for 39 gold pieces
 15067 | D:7      | Bought a potion of curing for 39 gold pieces
 15231 | Orc:1    | Reached *** piety under Vehumet
 15475 | Orc:1    | Found Lupinn's Assorted Antiques.
 15478 | Orc:1    | Found a bloodstained altar of Trog.
 15659 | Orc:2    | Entered Level 2 of the Orcish Mines
 15859 | Orc:2    | Offered knowledge of Conjure Flame by Vehumet.
 15879 | Orc:2    | Reached skill level 5 in Shields
 15974 | Orc:2    | Noticed an orc high priest
 15984 | Orc:2    | Killed an orc high priest
 15990 | Orc:2    | Noticed Josephine
 15999 | Orc:2    | Reached XP level 12. HP: 94/99 MP: 14/25
 16000 | Orc:2    | Killed Josephine
 16001 | Orc:2    | Reached skill level 10 in Spellcasting
 16001 | Orc:2    | Reached skill level 13 in Ice Magic
 16008 | Orc:2    | Reached **** piety under Vehumet
 16010 | Orc:2    | Noticed an orc high priest
 16012 | Orc:2    | Noticed an orc warlord
 16024 | Orc:2    | Killed an orc high priest
 16024 | Orc:2    | Offered knowledge of Irradiate by Vehumet.
 16030 | Orc:2    | Noticed a two-headed ogre
 17151 | Orc:2    | Killed a two-headed ogre
 17333 | Orc:2    | Found a staircase to the Elven Halls.
 17359 | Orc:2    | Noticed an orc high priest
 17565 | Orc:2    | Killed an orc high priest
 17566 | Orc:2    | Reached skill level 14 in Ice Magic
 17723 | Orc:2    | Noticed an orc warlord
 17973 | Orc:1    | Bought an ancient ruby amulet for 125 gold pieces
 17973 | Orc:1    | Identified the amulet "Ryaguana" {RegenMP rF+} (You bought
                  | it in a shop on level 1 of the Orcish Mines)
 17973 | Orc:1    | Bought 3 scrolls of identify for 150 gold pieces
 18010 | Orc:1    | Learned a level 5 spell: Irradiate
 18462 | Orc:2    | Reached skill level 1 in Transmutations
 18472 | Orc:2    | Killed an orc warlord
 18473 | Orc:2    | Reached skill level 1 in Conjurations
 19051 | Orc:2    | Killed an orc warlord
 19052 | Orc:2    | Reached XP level 13. HP: 36/108 MP: 7/27
 19375 | Orc:2    | Reached skill level 5 in Transmutations
 19655 | Orc:2    | Found Qiqevonn's Antique Armour Shoppe.
 19656 | Orc:2    | Found Exexteum's Antique Weapon Shoppe.
 19658 | Orc:2    | Found Tiojyn's General Store.
 19658 | Orc:2    | Found Roymaov's Jewellery Emporium.
 19663 | Orc:2    | Bought a scroll of identify for 32 gold pieces
 19663 | Orc:2    | Bought a potion of curing for 48 gold pieces
 19663 | Orc:2    | Bought a scroll of fear for 64 gold pieces
 19675 | Orc:2    | Bought a pair of embroidered gloves for 277 gold pieces
 19675 | Orc:2    | Bought a silken robe for 210 gold pieces
 19675 | Orc:2    | Identified the +1 robe of Sloth {+Inv rPois rN+ Int+4} (You
                  | bought it in a shop on level 2 of the Orcish Mines)
 19708 | Orc:2    | Reached ***** piety under Vehumet
 19708 | Orc:2    | Offered knowledge of Fireball by Vehumet.
 19709 | Orc:2    | Paralysed by an orc sorcerer for 3 turns
 20091 | D:10     | Entered Level 10 of the Dungeon
 20273 | D:10     | Noticed Maggie
 20280 | D:10     | Killed Maggie
 20487 | D:10     | Found a staircase to the Lair.
 20733 | D:10     | Found a shadowy altar of Dithmenos.
 20740 | D:10     | Found a glowing silver altar of Zin.
 20743 | D:10     | Found an iron altar of Okawaru.
 20817 | Lair:1   | Entered Level 1 of the Lair of Beasts
 21552 | Lair:1   | Reached skill level 10 in Transmutations
 22216 | Lair:2   | Offered knowledge of Ozocubu's Refrigeration by Vehumet.
 22247 | Lair:1   | Learned a level 7 spell: Ozocubu's Refrigeration
 22659 | Lair:2   | Found a staircase to the Snake Pit.
 22849 | Lair:2   | Reached XP level 14. HP: 105/116 MP: 26/28
 22915 | Lair:2   | Acquired the +0 cloak of the Eternal Fruit {+Blink rN+++
                  | Regen+ Dex-3}
 23261 | Lair:3   | Identified the +1 robe of Honour {rElec}
 23282 | Lair:3   | Reached skill level 1 in Evocations
 23897 | Lair:3   | Found a staircase to the Swamp.
 24453 | Lair:4   | Noticed Smersh616's ghost (journeyman GnDe)
 24516 | Lair:4   | Found a runed translucent door.
 24824 | Lair:4   | Reached skill level 15 in Ice Magic
 25098 | Lair:4   | Killed Smersh616's ghost
 25103 | Lair:4   | Gained mutation: You are weak. (Str -2) [mutagenic glow]
 25147 | Lair:5   | Entered Level 5 of the Lair of Beasts
 25384 | Lair:5   | Offered knowledge of Eringya's Noxious Bog by Vehumet.
 25401 | Lair:5   | Reached skill level 5 in Evocations
 25401 | Lair:5   | Reached XP level 15. HP: 36/125 MP: 20/30
 25474 | Lair:5   | Found a gate leading to a gauntlet.
 25505 | Gauntlet | Entered a Gauntlet
 25505 | Gauntlet | Found a transporter.
 25505 | Gauntlet | Found a transporter.
 25555 | Gauntlet | Found a transporter.
 25573 | Gauntlet | Found a transporter.
 25573 | Gauntlet | Found a transporter.
 25575 | Gauntlet | Found a transporter.
 25575 | Gauntlet | Found a transporter.
 25577 | Gauntlet | Found a transporter.
 25587 | Gauntlet | Found a transporter.
 25603 | Gauntlet | Found a transporter.
 25613 | Gauntlet | Found a transporter.
 25625 | Gauntlet | Noticed a balrug
 25627 | Gauntlet | Found a transporter.
 25641 | Gauntlet | Found the dreamshard necklace {*Dream Drain}
 25647 | Gauntlet | Found a transporter.
 25661 | Gauntlet | Found a transporter.
 25908 | Gauntlet | Identified the +2 cloak of Moral Flaws {rElec Dex+3}
 25990 | Gauntlet | Identified the +2 helmet "Kekimy" {rC- Int+4 Slay+5}
 26026 | Gauntlet | Identified the +7 mace of Yeast {vamp, rElec rPois rC+
                  | Str+4}
 26205 | Lair:5   | Found a viscous altar of Jiyva.
 26243 | Lair:5   | Found a staircase to the Slime Pits.
 26369 | Lair:5   | Reached skill level 16 in Ice Magic
 27215 | Snake:1  | Entered Level 1 of the Snake Pit
 27260 | Snake:1  | Offered knowledge of Freezing Cloud by Vehumet.
 27268 | Snake:1  | Learned a level 5 spell: Freezing Cloud
 27312 | Snake:1  | Found a flickering gateway to a bazaar.
 27328 | Bazaar   | Entered a bazaar
 27346 | Bazaar   | Found Caiduj's Magic Scroll Emporium.
 27347 | Bazaar   | Found Vaetesch's Weapon Emporium.
 27370 | Bazaar   | Bought a scroll of magic mapping for 67 gold pieces
 27370 | Bazaar   | Bought a scroll of fear for 36 gold pieces
 27390 | Bazaar   | Found Ygayl's General Store.
 27390 | Bazaar   | Found Hosmuetz's Magic Scroll Shoppe.
 27412 | Bazaar   | Bought a scroll of blinking for 75 gold pieces
 27412 | Bazaar   | Bought a scroll of blinking for 75 gold pieces
 27412 | Bazaar   | Bought a scroll of summoning for 95 gold pieces
 27412 | Bazaar   | Bought a scroll of silence for 95 gold pieces
 27477 | Bazaar   | Bought a scroll of enchant armour for 75 gold pieces
 27477 | Bazaar   | Bought a scroll of enchant armour for 75 gold pieces
 27601 | Snake:1  | Reached skill level 17 in Ice Magic
 28035 | Snake:1  | Learned a level 7 spell: Dragon Form
 28443 | Snake:2  | Noticed Vashnia
 28514 | Snake:2  | Found Itraergh's General Store.
 28650 | Snake:2  | Reached skill level 18 in Ice Magic
 28650 | Snake:2  | Reached XP level 16. HP: 133/133 MP: 13/32
 29665 | Snake:2  | Killed Vashnia
 29952 | Snake:3  | Noticed Donald
 29961 | Snake:3  | Killed Donald
 30260 | Snake:3  | Reached ****** piety under Vehumet
 30260 | Snake:3  | Offered knowledge of Yara's Violent Unravelling by Vehumet.
 30367 | Snake:3  | Noticed Bai Suzhen
 30372 | Snake:3  | Noticed Mlioglotl
 30400 | Snake:3  | Noticed a tentacled starspawn
 30506 | Snake:3  | Found Jatsemas's Weapon Emporium.
 30594 | Snake:3  | Noticed Aizul
 30640 | Snake:3  | Killed Aizul
 30916 | Snake:3  | Reached skill level 19 in Ice Magic
 31042 | Snake:3  | Identified the +10 flail of Inflation {elec, Int+4 Dex+5}
 31150 | Snake:3  | Killed Bai Suzhen
 31168 | Snake:3  | Gained mutation: You are frail. (-10% HP) [mutagenic glow]
 31196 | Snake:3  | Lost mutation: You are weak. (Str -2) [potion of mutation]
 31196 | Snake:3  | Lost mutation: You are frail. (-10% HP) [potion of
                  | mutation]
 31196 | Snake:3  | Gained mutation: Your spells are a little easier to cast,
                  | but a little less powerful. [potion of mutation]
 31196 | Snake:3  | Gained mutation: You have hidden genetic potential. [potion
                  | of mutation]
 31221 | Snake:3  | Reached skill level 15 in Transmutations
 31458 | Snake:4  | Entered Level 4 of the Snake Pit
 31944 | Snake:4  | Noticed a nagaraja
 31949 | Snake:4  | Killed a nagaraja
 31988 | Snake:4  | Reached XP level 17. HP: 139/139 MP: 14/33
 32260 | Snake:4  | Reached skill level 10 in Shields
 32507 | Snake:4  | Got a serpentine rune of Zot
 33338 | D:11     | Found Jinnam's Magic Scroll Shoppe.
 33346 | D:11     | Bought a scroll of teleportation for 45 gold pieces
 33346 | D:11     | Bought a scroll of blinking for 112 gold pieces
 33346 | D:11     | Bought a scroll of acquirement for 780 gold pieces
 33346 | D:11     | Bought a scroll of fear for 60 gold pieces
 33346 | D:11     | Acquired 597 gold pieces
 33413 | D:11     | Found Niret's Distillery.
 33427 | D:11     | Bought 2 potions of haste for 300 gold pieces
 33427 | D:11     | Bought a potion of heal wounds for 75 gold pieces
 33427 | D:11     | Bought a potion of curing for 45 gold pieces
 33427 | D:11     | Bought a potion of haste for 150 gold pieces
 33494 | D:11     | Found Erhaam's Armour Emporium.
 33502 | D:11     | Bought the +2 pair of boots of Ashenzari's Hatred {Int+4}
                  | for 388 gold pieces
 33537 | D:11     | Offered knowledge of Iron Shot by Vehumet.
 33561 | D:11     | Reached skill level 20 in Ice Magic
 33683 | D:11     | Found Erecypt's Armour Boutique.
 34288 | D:12     | You fall into a shaft and drop 3 floors!
 34288 | D:15     | Entered Level 15 of the Dungeon
 34582 | D:14     | Noticed Rupert
 34582 | D:14     | Found a gate to the Vaults.
 35043 | D:13     | Offered knowledge of Conjure Ball Lightning by Vehumet.
 35619 | D:12     | Found a portal to a secret trove of treasure.
 36189 | D:12     | Found a hazy altar of Hepliaklqana.
 36364 | D:12     | Identified the +0 ring mail of Gaodenui {*Slow rPois Int+4}
 37318 | D:14     | Reached XP level 18. HP: 146/146 MP: 25/34
 37399 | D:14     | Reached skill level 21 in Ice Magic
 37464 | D:14     | Noticed Louise
 37469 | D:14     | Killed Louise
 37615 | D:14     | Found a sacrificial altar of Ru.
 37910 | D:14     | Offered knowledge of Polar Vortex by Vehumet.
 37910 | D:14     | Offered knowledge of Ignition by Vehumet.
 37910 | D:14     | Offered knowledge of Maxwell's Capacitive Coupling by
                  | Vehumet.
 37912 | D:14     | Noticed Azrael
 37918 | D:14     | Killed Azrael
 37927 | D:14     | Learned a level 5 spell: Silence
 38029 | D:11     | Bought a scroll of amnesia for 60 gold pieces
 38213 | D:14     | Noticed Kirke
 38254 | D:14     | Killed Kirke
 38421 | D:14     | Killed Rupert
 38822 | D:15     | Found a staircase to the Depths.
 39239 | Swamp:1  | Entered Level 1 of the Swamp
 39983 | D:11     | Bought the +3 pair of mountain boots {steadfast, rC+} for
                  | 569 gold pieces
 39983 | D:11     | Found the +3 pair of mountain boots {steadfast, rC+}
 40166 | Swamp:2  | Identified the +5 plate armour of the Midnight Sun {Int+3
                  | Dex+2}
 40852 | Swamp:3  | Gained mutation: Your flesh is cold resistant. (rC+)
                  | [hidden potential]
 41167 | Swamp:3  | Found an ancient bone altar of Kikubaaqudgha.
 41226 | Swamp:3  | Identified the +5 hand axe of the Magi {spect, rF- Dex+7}
 41916 | Swamp:4  | Entered Level 4 of the Swamp
 41916 | Swamp:4  | Noticed a tentacled monstrosity
 41934 | Swamp:4  | Killed a tentacled monstrosity
 42187 | Swamp:4  | Reached skill level 22 in Ice Magic
 42187 | Swamp:4  | Reached XP level 19. HP: 152/152 MP: 11/35
 42367 | Swamp:4  | Learned a level 9 spell: Polar Vortex
 42434 | Swamp:4  | Noticed the 27-headed Lernaean hydra
 42445 | Swamp:4  | Killed the 27-headed Lernaean hydra
 42639 | Swamp:4  | Identified the amulet "Zexiotru" {Rampage rElec Regen+}
 42891 | Swamp:4  | Got a decaying rune of Zot
 43233 | Depths:1 | Entered Level 1 of the Depths
 43619 | Depths:1 | Noticed Saint Roka
 43637 | Depths:1 | Found a corrupted altar of Lugonu.
 43637 | Depths:1 | Found a one-way gate to the infinite horrors of the Abyss.
 43665 | Depths:1 | Killed Saint Roka
 43823 | Depths:1 | Gained mutation: You are partially covered in iridescent
                  | scales. (AC +2) [hidden potential]
 43823 | Depths:1 | Lost mutation: You have hidden genetic potential. [hidden
                  | potential expressed]
 43828 | Depths:1 | Noticed Nikola
 43853 | Depths:1 | Killed Nikola
 44021 | Depths:1 | Reached skill level 15 in Fighting
 44684 | Depths:1 | Gained mutation: You sometimes lose your temper in combat.
                  | [mutagenic glow]
 44720 | Depths:1 | Gained mutation: You are dopey. (Int -2) [mutagenic glow]
 44757 | Depths:1 | Noticed a golden dragon
 44774 | Depths:1 | Killed a golden dragon
 44780 | Depths:1 | HP: 4/155 [fire giant/fireball (21)]
 44787 | Depths:1 | Gained mutation: You are weak. (Str -2) [mutagenic glow]
 45034 | D:12     | You paid a toll of +2 ice dragon scales to enter a treasure
                  | trove
 45035 | Trove    | Entered a treasure trove
 45040 | Trove    | Found the +3 Mad Mage's Maulers {Infuse+∞ RegenMP Int-3}
 45049 | Trove    | Identified the amulet of Mistrust {Reflect rPois rN+ Regen+
                  | Str-3 SH+5}
 45053 | Trove    | Identified the +6 trident "Eppucs" {drain, Int+3 Dex+3}
 45272 | Depths:1 | Noticed a tentacled monstrosity
 45282 | Depths:1 | Killed a tentacled monstrosity
 45283 | Depths:1 | Reached XP level 20. HP: 145/163 MP: 2/38
 45611 | Depths:1 | Lost mutation: You are partially covered in iridescent
                  | scales. (AC +2) [mutagenic glow]
 45621 | Depths:1 | Lost mutation: You are weak. (Str -2) [potion of mutation]
 45621 | Depths:1 | Lost mutation: You sometimes lose your temper in combat.
                  | [potion of mutation]
 45621 | Depths:1 | Lost mutation: Your spells are a little easier to cast, but
                  | a little less powerful. [potion of mutation]
 45621 | Depths:1 | Gained mutation: You are robust. (+10% HP) [potion of
                  | mutation]
 45621 | Depths:1 | Gained mutation: You are somewhat resistant to further
                  | mutation. [potion of mutation]
 45621 | Depths:1 | Lost mutation: You are robust. (+10% HP) [potion of
                  | mutation]
 45621 | Depths:1 | Gained mutation: You are partially covered in iridescent
                  | scales. (AC +2) [potion of mutation]
 45655 | Depths:1 | Found a gateway to Hell.
 45797 | Depths:2 | Reached skill level 23 in Ice Magic
 46164 | Depths:2 | Noticed a caustic shrike
 46302 | Depths:2 | Killed a caustic shrike
 46311 | Depths:1 | Gained mutation: You are frail. (-10% HP) [mutagenic glow]
 46387 | Depths:1 | Lost mutation: You are somewhat resistant to further
                  | mutation. [potion of mutation]
 46387 | Depths:1 | Lost mutation: You are frail. (-10% HP) [potion of
                  | mutation]
 46387 | Depths:1 | Gained mutation: You expend magic power (3 MP) to
                  | strengthen your wands. [potion of mutation]
 46653 | D:7      | Bought a potion of mutation for 104 gold pieces
 46653 | D:7      | Bought a potion of mutation for 104 gold pieces
 47189 | Depths:2 | Reached skill level 24 in Ice Magic
 47225 | Depths:2 | Found a one-way gate leading to the halls of Pandemonium.
 47420 | Depths:2 | Gained mutation: You are somewhat resistant to further
                  | mutation. [mutagenic glow]
 47425 | Depths:2 | Gained mutation: You are weak. (Str -2) [mutagenic glow]
 47721 | Depths:2 | Noticed Asterion
 47732 | Depths:2 | Killed Asterion
 47904 | Depths:2 | Found the +6 arbalest "Damnation" {damnation}
 47912 | Depths:2 | Identified the +6 dagger of Cheibriados's Approval {freeze,
                  | rPois Int+5}
 48337 | Depths:3 | Killed from afar by a fire giant

Illustrated notes

Levels and vault maps discovered:
D:1:      dpeg_arrival_renting, layout_loops_ring
D:2:      layout_loops_corners, chequers_ecumenical_altar_simple,
          minmay_misc_feat_rugged, kennysheep_generic_room_12, uniq_jessica,
          uniq_crazy_yiuf_cottage, uniq_natasha
D:3:      minmay_spotlight, layout_basic, pdpol_wu_jian_five_deadly_venoms,
          kennysheep_generic_room_16
D:4:      layout_loops_ring, gup_sewer_entry_bowl
D:5:      layout_gridville, nicolae_elemental_shop,
          chequers_serial_rivers_micro_c, minivault_14, uniq_eustachio
D:6:      layout_basic, nicolae_uskayaw_en_pointe, vehumet_crystals,
          uniq_sigmund
D:7:      layout_basic, mainiacjoe_overflow_concentric_impassable,
          minmay_temple_entry_grid, serial_shops, nicolae_shop_stone,
          nicolae_shop_stone
D:8:      layout_loops_ring, minmay_orc_keep, uniq_joseph
D:9:      layout_grid_maze, david_orc_4, grunt_ministairs_15, uniq_maurice
D:10:     layout_rooms, minmay_overflow_temple_star_quad, david_lair_generic,
          uniq_maggie
D:11:     layout_irregular_city, serial_shops, shop, nicolae_shop_trees,
          shop_fountains, nicolae_shop_temple_entry_statues_fountains
D:12:     statuecave_lemuel, layout_loops_ring, nicolae_trove_entry_crossroad,
          hangedman_decor_clover_reticule, worldfamousw_hep_ancestral_shrine
D:13:     orc_temple, layout_loops_ring
D:14:     layout_long_grid, david_vaults_3, minmay_misc_feat_enclosed,
          nicolae_ru_sacrificial_ziggurat, uniq_azrael, uniq_kirke, uniq_louise
D:15:     grunt_enter_depths_hoard, layout_basic, minmay_door_square
Lair:1:   layout_hall_layers, serial_forest, infiniplex_forest_clump_tiny,
          infiniplex_forest_straight_4, infiniplex_forest_lined_room_2,
          infiniplex_forest_lined_room_3, infiniplex_forest_clump_tiny,
          infiniplex_forest_straight_3
Lair:2:   layout_hall_layers, minmay_snake_entry_guardpost_medium,
          chequers_serial_rivers_micro_a, beast_lair_carwin_10
Lair:3:   layout_loops_ring, nicolae_swamp_entry_splash_gauntlet,
          nicolae_quartered_pool_medium
Lair:4:   layout_concentric_octagons, hellmonk_ghost_happy_afterlife,
          st_stairs_10, lemuel_fruit_fields
Lair:5:   evilmike_catoblepas_cave, layout_hall_layers,
          minmay_slime_entry_oklob_enclosed, gauntlet_entry_generic
Swamp:1:  layout_falls_marsh, nicolae_swamp_round_clearing
Swamp:2:  layout_basic_swamp, serial_swamp_ruin, hangedman_swamp_ruin_wall,
          evilmike_swamp_ruin_house_2
Swamp:3:  layout_basic_swamp, infiniplex_staircase_pool, swamp_pool3,
          lemuel_altar_in_water, nicolae_swamp_oklob_treasure_island
Swamp:4:  swamp, layout_basic_swamp
Snake:1:  layout_gridlike, serial_shops, bzr_entry_lakeside, drop_trap,
          grunt_megastairs_1
Snake:2:  layout_onion_interference, serial_shops, nicolae_shop_stone,
          uniq_vashnia
Snake:3:  layout_gridlike, serial_shops, nicolae_shop_trees, grunt_ministairs_1,
          lemuel_fruit_tree, uniq_mlioglotl, uniq_aizul, uniq_bai_suzhen,
          uniq_donald
Snake:4:  johnstein_snake_rune_scales, layout_cave_town
Orc:1:    layout_caves, serial_shops, shop, basic_altar
Orc:2:    st_orc_congregation, layout_caves, uniq_josephine
Depths:1: layout_basic, abyss_entry_flame_altar, grunt_hell_entry_dis_old,
          hangedman_abyss_or_decor_stagger, minmay_the_grid_2x2
          [minmay_the_grid_doors, minmay_the_grid_minigrid_small_alt,
          minmay_the_grid_large_cup, minmay_the_grid_prize_big_room],
          serial_bayou_shore_a, uniq_saint_roka, uniq_nikola
Depths:2: minmay_expanding_squares, layout_long_grid, hellmouth_3,
          rand_demon_pan_entry_4, hangedman_abyss_or_decor_clamps,
          hangedman_abyss_entry_splay, uniq_asterion
Depths:3: minmay_tri_stars, layout_gridville, enter_ziggurat_b,
          abyss_entry_crystal, grunt_mini_vestibule,
          ebering_dispersal_statue_hall, hangedman_stitches_earthworm

Skill      XL: |  1  2  3  4  5  6  7  8  9 10 11 12 13 14 15 16 17 18 19 20 |
---------------+-------------------------------------------------------------+-----
Fighting       | 1 2 3 4 5 6 8 9 10 12 13 14 15 16 | 16.0
Ice Magic      | 5 6 7 8 10 11 12 14 15 18 19 20 22 24 | 24.9
Spellcasting   | 3 4 6 7 8 9 10 11 12 14 | 14.0
Dodging        | 3 |  3.0
Shields        | 2 5 8 9 12 14 | 14.0
Transmutations | 4 10 12 15 16 17 18 | 18.0
Conjurations   | 2 4 |  4.0
Evocations     | 5 6 |  6.0
Stealth        | |  2.1

Action                   |  1- 3 |  4- 6 |  7- 9 | 10-12 | 13-15 | 16-18 | 19-21 || total
-------------------------+-------+-------+-------+-------+-------+-------+-------++-------
Melee: Unarmed           |    11 |       |       |       |       |       |       ||    11
       Dagger            |    33 |    75 |   221 |   471 |   340 |       |       ||  1140
       Punch             |       |     3 |     2 |     2 |       |       |       ||     7
       Tailslap          |       |     1 |     3 |     1 |       |     5 |     3 ||    13
       Mace              |       |       |       |       |    58 |   194 |   165 ||   417
 Cast: Freeze            |    44 |    24 |    13 |    13 |     6 |       |       ||   100
       Frozen Ramparts   |     2 |    15 |    31 |    82 |    80 |    29 |    30 ||   269
       Ozocubu's Armour  |       |       |    17 |    63 |    58 |    23 |    20 ||   181
       Hailstorm         |       |       |     1 |    68 |    12 |     7 |    10 ||    98
       Irradiate         |       |       |       |     1 |    46 |    38 |    63 ||   148
       Ozocubu's Refrige |       |       |       |       |   166 |   485 |   265 ||   916
       Freezing Cloud    |       |       |       |       |       |     8 |     1 ||     9
 Abil: Evoke Blink       |       |       |       |       |       |       |     1 ||     1
Evoke: Wand              |       |       |       |       |       |       |     1 ||     1
  Use: Scroll            |       |       |     5 |    22 |    10 |    15 |     5 ||    57
       Potion            |       |       |       |     8 |     2 |     7 |     6 ||    23
 Stab: Sleeping          |     6 |     8 |     9 |       |       |       |       ||    23
       Distracted        |       |       |       |       |     1 |       |       ||     1
Armor: Robe              |     8 |    13 |    62 |   307 |   474 |   215 |   222 ||  1301
Dodge: Dodged            |    40 |    44 |   156 |   320 |   343 |   163 |   169 ||  1235
Block: Buckler           |       |       |       |   104 |   196 |     9 |       ||   309
       Kite shield       |       |       |       |       |       |   291 |   379 ||   670
       Reflection        |       |       |       |       |       |    31 |     3 ||    34
